 Dungeon Crawl Stone Soup version 0.28.0-62-gf88900778d (webtiles) character file.

Game seed: 16492157188280579437

143374 tkbsonic5 the Severer (level 16, -2/143 HPs)
             Began as a Palentonga Abyssal Knight on Feb 18, 2023.
             Was a High Priest of Lugonu.
             Slain by a sixfirhy (8 damage)
             ... summoned by Lugonu's corruption
             ... on level 2 of the Spider Nest on Feb 24, 2023.
             The game lasted 02:39:46 (36433 turns).

tkbsonic5 the Severer (Palentonga Abyssal Knight)  Turns: 36433, Time: 02:39:46

Health: -2/143     AC: 34    Str: 26 (28) XL:     16   Next: 82%
Magic:  25/25      EV:  7    Int: 12      God:    Lugonu [*****.]
Gold:   793        SH:  0    Dex: 12 (13) Spells: 15/15 levels left

rFire   + . .      SeeInvis +   o - +9 broad axe (distort)
rCold   . . .      Faith    .   F - +0 kite shield
rNeg    . . .      Spirit   .   h - +8 chain mail of Refuge {rPois rCorr Str+2}
rPois   +          Reflect  +   (no helmet)
rElec   .          Harm     .   H - +0 cloak
rCorr   +          Rampage  .   e - +1 pair of gloves {Str+3}
Will    ++...                   (no barding)
Stlth   ..........              p - amulet of reflection
HPRegen 0.33/turn               q - +4 ring of protection
MPRegen 0.19/turn               d - ring of protection from fire

@: confused, lethally poisoned (-2 -> -37), ambrosia-drunk, curled up
A: large, rugged brown scales 3, see invisible, deformed body, roll 1, armoured
tail, reflexive curl, stinger 1, clever 1, strong-willed 1
a: Rolling Charge, Renounce Religion, Depart the Abyss, Bend Space, Banish,
Corrupt, Enter the Abyss


You were on level 2 of the Spider Nest.
You worshipped Lugonu.
Lugonu was extremely pleased with you.
You visited 4 branches of the dungeon, and saw 25 of its levels.
You visited the Abyss 3 times.

You collected 2630 gold pieces.
You spent 1837 gold pieces at shops.

Inventory:

Hand Weapons
 o - a +9 broad axe of distortion (weapon)
 r - the +6 dagger of the Bespelling Salmon {venom, rElec rF- Dex+5}
   (You found it on level 13 of the Dungeon)

   It poisons the flesh of those it strikes.
   Dex:       It affects your dexterity (+5).
   rF:        It makes you vulnerable to fire.
   rElec:     It insulates you from electricity.
 u - the +8 hunting sling of Impatience {flame, rElec Will+ rCorr}
   (You took it off an orc on level 8 of the Dungeon)

   Any ammunition fired from it burns those it strikes, dealing additional fire
   damage.
   rElec:     It insulates you from electricity.
   rCorr:     It protects you from acid and corrosion.
   Will:      It increases your willpower.
 D - a +5 mace of venom
Missiles
 i - 5 poisoned darts (quivered)
 t - 130 sling bullets
 v - 5 datura-tipped darts
 A - 19 boomerangs
 E - 2 boomerangs of dispersal
 N - 2 silver javelins
Armour
 e - a +1 pair of gloves of strength (worn)
 h - the +8 chain mail of Refuge (worn) {rPois rCorr Str+2}
   (You found it on level 2 of the Lair of Beasts)

   Str:       It affects your strength (+2).
   rPois:     It protects you from poison.
   rCorr:     It protects you from acid and corrosion.
 F - a +0 kite shield (worn)
 H - a +0 cloak (worn)
 I - a +0 plate armour
 J - a +0 tower shield
Jewellery
 d - a ring of protection from fire (right hand)
 g - an amulet of the acrobat
 k - a +6 ring of intelligence
 l - the ring of the Shrike {rN++ Will+ Dex+4}
   (You bought it in a shop on level 2 of the Orcish Mines)

   [ring of willpower]

   Dex:       It affects your dexterity (+4).
   rN:        It greatly protects you from negative energy.
   Will:      It increases your willpower.
 p - an amulet of reflection (around neck)
 q - a +4 ring of protection (left hand)
 s - a ring of poison resistance
 x - a ring of positive energy
 B - a ring of protection from cold
 M - a +6 ring of dexterity
Wands
 w - a wand of digging (12)
Scrolls
 c - a scroll of teleportation
 f - 8 scrolls of identify
 m - 5 scrolls of magic mapping
 y - a scroll of fog
 K - 2 scrolls of amnesia
Potions
 a - 2 potions of brilliance
 j - 6 potions of flight
 z - 3 potions of cancellation
Miscellaneous
 n - a lightning rod (4/4)
 L - a box of beasts


   Skills:
 * Level 14.3 Fighting
 - Level 0.3 Short Blades
 * Level 16.3(16.4) Axes
 - Level 2.4(10.9) Maces & Flails
 - Level 4.5(5.0) Slings
 - Level 2.9(4.1) Throwing
 + Level 11.5 Armour
 - Level 5.4 Dodging
 * Level 6.9 Shields
 + Level 13.0 Invocations
 + Level 5.6 Evocations


You had 15 spell levels left.
You didn't know any spells.
Your spell library contained the following spells:

 Spells                   Type           Power      Damage    Failure   Level
 Magic Dart               Conj           0%         1d3       97%         1
 Summon Small Mammal      Summ           0%         N/A       97%         1
 Blink                    Tloc           0%         N/A       99%         2
 Call Imp                 Summ           0%         N/A       99%         2
 Call Canine Familiar     Summ           0%         N/A       100%        3
 Conjure Flame            Conj/Fire      0%         6-21      100%        3
 Dazzling Flash           Conj/Hex       0%         N/A       100%        3
 Frozen Ramparts          Ice            0%         1d2       100%        3
 Gell's Gravitas          Tloc           0%         N/A       100%        3
 Ignite Poison            Fire/Tmut/Pois 0%         N/A       100%        3
 Lesser Beckoning         Tloc           0%         N/A       100%        3
 Mephitic Cloud           Conj/Pois/Air  0%         N/A       100%        3
 Ozocubu's Armour         Ice            0%         N/A       100%        3
 Portal Projectile        Hex/Tloc       0%         N/A       100%        3
 Summon Guardian Golem    Hex/Summ       0%         N/A       100%        3
 Teleport Other           Tloc           0%         N/A       100%        3
 Tukima's Dance           Hex            0%         N/A       100%        3
 Airstrike                Air            0%         N/A       100%        4
 Animate Armour           Summ/Erth      0%         N/A       100%        4
 Animate Dead             Necr           0%         N/A       100%        4
 Ice Form                 Ice/Tmut       0%         N/A       100%        4
 Iskenderun's Mystic Bla  Conj/Tloc      0%         2d3       100%        4
 Passage of Golubria      Tloc           0%         N/A       100%        4
 Sticky Flame             Conj/Fire      0%         2d3       100%        4
 Summon Ice Beast         Ice/Summ       0%         N/A       100%        4
 Summon Lightning Spire   Summ/Air       0%         N/A       100%        4
 Blade Hands              Tmut           0%         N/A       100%        5
 Borgnjor's Vile Clutch   Necr/Erth      0%         N/A       100%        5
 Excruciating Wounds      Necr           0%         N/A       100%        5
 Lightning Bolt           Conj/Air       0%         1d11      100%        5
 Manifold Assault         Tloc           0%         N/A       100%        5
 Yara's Violent Unravell  Hex/Tmut       0%         3d3       100%        5
 Death Channel            Necr           0%         N/A       100%        6
 Iron Shot                Conj/Erth      0%         9d1       100%        6
 Starburst                Conj/Fire      0%         6d3       100%        6
 Ozocubu's Refrigeration  Ice            0%         4d5       100%        7
 Storm Form               Tmut/Air       0%         N/A       100%        7


Dungeon Overview and Level Annotations

Branches:
Dungeon (15/15)            Temple (0/1) D:6            Lair (6/6) D:10
 Shoals (0/4) Lair:2       Spider (2/4) Lair:2        Slime (0/5) Lair:5
    Orc (2/2) D:12            Elf (0/3) Orc:2        Vaults (0/5) D:14
 Depths (0/4) D:15

Altars:
Kikubaaqudgha
Okawaru
Qazlal
Vehumet
Wu Jian
Beogh
Jiyva

Shops:
Orc:1 [(:[   Orc:2 :=*[(

Annotations:
D:7 1 runed translucent door, safid's ghost, amateur GrEE
D:15 corrupted, 3 runed translucent doors, Vuocw's ghost, journeyman DsFi
Lair:1 3 runed translucent doors, cbfl8's ghost, journeyman DsGl
Lair:6 corrupted
Spider:2 corrupted
Orc:2 corrupted
Abyss:1 Azrael


Innate Abilities, Weirdness & Mutations

You are completely covered in rugged brown scales. (AC +3, +7% HP)
You have supernaturally acute eyesight. (SInv)
Armour fits poorly on your strangely shaped body.
You can roll at nearby foes to attack.
You have a long armoured tail.
You curl defensively after being hit. (AC +7*)
Your tail ends in a venomous barb.
Your mind is acute. (Int +2)
You are strong-willed. (Will+)


Message History

The spatial maelstrom is unaffected.
The spatial maelstrom hits you.
* * * LOW HITPOINT WARNING * * *
You blink.
A spatial vortex comes into view.
The emperor scorpion stings the ufetubus!!
The ufetubus dies!
The ufetubus disappears in a puff of smoke!
The demonic crawler hits the jelly.
The demonic crawler is burned by acid!
The demonic crawler hits the jelly.
The demonic crawler is burned by acid!
The demonic crawler hits the jelly!
The jelly dies!
The jelly disappears in a puff of smoke!
The small abomination hits the spatial vortex!
The smoke demon hits the spatial maelstrom.
The smoke demon barely misses the spatial maelstrom.
The smoke demon hits the spatial maelstrom.
The spatial maelstrom is devoured by a tear in reality.
The sixfirhy hits you but does no damage. x2
The spatial vortex barely misses you.
The chaos spawn completely misses the spatial vortex.
The rakshasa blinks!
The ancient lich touches the spatial vortex!
The sixfirhy hits you but does no damage.
The small abomination hits the emperor scorpion.
The emperor scorpion stings you.
* * * LOW HITPOINT WARNING * * *
You are lethally poisoned!
The emperor scorpion poisons you!
The emperor scorpion claws you but does no damage. x2
The freezing wraith hits the spatial vortex.
The freezing wraith freezes the spatial vortex!
The spatial vortex resists.
The freezing wraith hits the spatial vortex!
The smoke demon gestures at the spatial vortex.
The spatial vortex is smitten.
* * * LOW HITPOINT WARNING * * *
You feel extremely sick.
The sixfirhy hits you but does no damage.
The sixfirhy hits you!
You die...

# # # ## #### ###
.####..### #.#
..##...#.# ##.####
#†.......# ##RWx44#
#.#......# ##.W3G3.#
##†.##..## #v4@x#
####...## ###ss##p#
#.#.#.### #§.v5xR#
##.##...###33#L#D5X#
##[.....#.X#5Xx35X##
##^..#.^..#W5x#xx5X#
###..###.)..x553#XxX#X.
#.....####.....##§5.5X.#
# ##....#
##..#.##.3##X..## #


You could see an emperor scorpion, a demonic crawler, 2 spatial vortices, a
neutral bone dragon (summoned), 3 neutral starcursed masses, a neutral ancient
lich (summoned), a neutral tentacled starspawn (summoned), a neutral rakshasa
(summoned), a neutral flayed ghost (summoned), a neutral thrashing horror
(summoned), 2 neutral large abominations, a neutral freezing wraith (summoned),
a neutral worldbinder (summoned), a neutral sixfirhy (summoned), 2 neutral smoke
demons, a neutral ynoxinul (summoned), 3 neutral chaos spawn, 6 neutral small
abominations, a neutral quasit (summoned), a neutral golden eye (summoned), a
neutral white imp (summoned), a neutral shadow imp (summoned) and 4 neutral
ufetubi.

Vanquished Creatures
  Kirke (Lair:4)
  An emperor scorpion (Spider:2)
  3 ghost moths (Spider:2)
  A broodmother (Spider:2)
  An entropy weaver (Spider:2)
  2 spark wasps (Spider:2)
  The ghost of cbfl8 the Cleaver, a journeyman DsBe of Trog (D:12)
  2 fire dragons (D:13)
  A great orb of eyes (D:15)
  Harold (Lair:1)
  A rakshasa (D:15)
  2 vault guards (D:14)
  4 hydras
  An ogre mage (D:13)
  3 catoblepae
  7 boulder beetles
  5 centaur warriors
  6 two-headed ogres
  9 death yaks (Lair:6)
  2 tengu warriors (D:14)
  2 orc high priests (Orc:2)
  2 skeletal warriors (D:14)
  A pharaoh ant (Spider:2)
  4 orb spiders
  A glowing orange brain (D:13)
  2 steelbarb worms
  4 wizards
  2 lindwurms
  3 orc knights
  A deep elf zephyrmancer (D:13)
  A necromancer (D:14)
  3 orc sorcerers (Orc:2)
  12 wolf spiders
  A manticore (shapeshifter) (D:15)
  5 cyclopes
  14 ugly things
  7 manticores
  A moth of wrath (Spider:2)
  5 black mambas
  5 elephants (Lair:5)
  3 torpor snails
  An eye of devastation (D:13)
  4 centaur zombies
  A gargoyle (D:11)
  13 cane toads
  3 efreet
  A rime drake (Lair:2)
  6 kobold demonologists
  A freezing wraith (D:14)
  2 unseen horrors
  5 komodo dragons
  2 demonic crawlers (Spider:1)
  A queen bee (shapeshifter) (D:15)
  6 meliai
  2 polar bears
  9 trolls
  A tarantella (shapeshifter) (D:15)
  2 dream sheep (Lair:3)
  21 blink frogs
  24 slime creatures
  15 tarantellas
  12 culicivoras (Spider:2)
  11 jumping spiders (Spider:2)
  A culicivora (shapeshifter) (D:13)
  A centaur simulacrum (D:13)
  4 wraiths
  A shadow (D:10)
  26 yaks
  A hog (Lair:4)
  19 humans (D:14)
  6 wyverns
  A steam dragon (Lair:2)
  2 basilisks
  4 fire elementals
  25 redbacks
  7 vampire mosquitoes
  4 wargs
  2 acid dragons
  18 water moccasins
  Duvessa (D:7)
  4 hell hounds (Lair:2)
  21 orc warriors
  2 sky beasts (D:6)
  8 ogres
  2 ice beasts
  4 black bears
  2 necrophages
  9 wolves
  12 centaurs
  2 phantoms
  14 bullfrogs
  2 gnoll sergeants
  2 wyvern zombies
  37 scorpions
  2 water moccasin skeletons
  Dowan (D:7)
  3 killer bees (D:9)
  9 wights
  9 howler monkeys
  3 electric eels
  A crimson imp (D:10)
  A bullfrog zombie (D:5)
  2 centaur skeletons (D:5)
  3 hounds
  16 orc priests
  A jelly (D:6)
  3 gnoll shamans
  A bullfrog skeleton (D:5)
  2 iguanas
  19 orc wizards
  5 hell rats (Lair:4)
  2 howler monkey zombies
  22 gnolls
  8 adders
  2 shadow imps
  4 white imps
  An ufetubus (D:3)
  An adder zombie (D:5)
  2 adder skeletons
  2 worms
  A dart slug (D:5)
  67 orcs
  4 ball pythons
  4 endoplasms
  4 giant cockroaches
  6 goblins
  8 hobgoblins
  2 quokkas
  4 bats
  5 frilled lizards
  13 kobolds
  3 rats
766 creatures vanquished.

Vanquished Creatures (collateral kills)
  An orc high priest (Orc:2)
  A death yak (Lair:6)
  A skeletal warrior (D:14)
  An orc sorcerer (Orc:2)
  An orc warrior (Orc:2)
  4 orc priests (Orc:2)
9 creatures vanquished.

Vanquished Creatures (others)
  An ogre mage (D:15)
  A two-headed ogre (D:15)
  A death knight (D:15)
  A skeletal warrior (D:15)
  A phantasmal warrior (D:15)
  An orc knight (Orc:2)
  A wolf spider (Spider:2)
  6 elephants (Lair:6)
  9 ugly things (D:15)
  A cane toad (Lair:6)
  A rime drake (Lair:6)
  A jumping spider (Spider:2)
  2 wraiths (D:15)
  2 humans (Lair:4)
  A yak (Lair:6)
  2 basilisks
  A water moccasin (Lair:6)
  6 orc warriors (Orc:2)
  A bullfrog (Lair:4)
  2 orc priests (Orc:2)
  An orc wizard (Orc:2)
  4 gnolls (Orc:2)
  12 orcs (Orc:2)
  A bush (Lair:6)
  49 fungi
  57 plants
  A starspawn tentacle (Orc:2)
  3 withered plants (Lair:6)
170 creatures vanquished.

Grand Total: 945 creatures vanquished

Notes
Turn   | Place    | Note
-------+----------+-------------------------------------------
     0 | Abyss:1  | tkbsonic5 the Palentonga Abyssal Knight began the quest for
                  | the Orb.
     0 | Abyss:1  | Reached XP level 1. HP: 19/19 MP: 2/2
    40 | Abyss:1  | Noticed an ancient zyme
    42 | D:1      | Escaped the Abyss
   402 | D:1      | Found a faded altar of an unknown god.
   490 | D:1      | Reached XP level 2. HP: 24/25 MP: 3/3
  1447 | D:2      | Reached XP level 3. HP: 26/31 MP: 3/5
  1577 | D:2      | Identified the +4 dagger of the Establishment {vorpal,
                  | Int+9 Stlth+}
  2149 | D:2      | Found an ancient bone altar of Kikubaaqudgha.
  2199 | D:2      | Reached skill level 3 in Axes
  2273 | D:2      | Reached * piety under Lugonu
  2495 | D:3      | Gained mutation: You are occasionally teleported next to
                  | monsters. [potion of mutation]
  2495 | D:3      | Gained mutation: You have a pair of small horns on your
                  | head. [potion of mutation]
  2991 | D:3      | Reached XP level 4. HP: 34/37 MP: 6/6
  3765 | D:4      | Noticed a phantom
  3770 | D:4      | Killed a phantom
  3771 | D:4      | Reached skill level 4 in Axes
  3771 | D:4      | Reached XP level 5. HP: 44/44 MP: 6/8
  3997 | D:5      | Entered Level 5 of the Dungeon
  4083 | D:5      | Noticed a black bear
  4095 | D:5      | Found an ornate altar of the Wu Jian Council.
  4332 | D:5      | Killed a black bear
  4333 | D:5      | Reached XP level 6. HP: 51/51 MP: 9/9
  4390 | D:5      | Reached skill level 5 in Invocations
  4456 | D:5      | Reached skill level 1 in Dodging
  4566 | D:5      | Reached skill level 5 in Axes
  4566 | D:5      | Gained mutation: You curl defensively after being hit. (AC
                  | +7*) [Palentonga growth]
  4566 | D:5      | Reached XP level 7. HP: 29/58 MP: 10/10
  4576 | D:5      | Reached ** piety under Lugonu
  4808 | D:5      | Reached skill level 5 in Fighting
  4839 | D:5      | Found a radiant altar of Vehumet.
  5144 | D:5      | Reached XP level 8. HP: 49/67 MP: 12/12
  5146 | D:5      | Reached skill level 6 in Axes
  6153 | D:6      | Reached skill level 7 in Axes
  6476 | D:6      | Reached XP level 9. HP: 71/75 MP: 13/13
  6964 | D:6      | Found a staircase to the Ecumenical Temple.
  7268 | D:7      | Found a runed translucent door.
  7268 | D:7      | Noticed safid's ghost (amateur GrEE)
  7763 | D:7      | Noticed Dowan
  7768 | D:7      | Noticed Duvessa
  7777 | D:7      | Killed Duvessa
  7778 | D:7      | Reached skill level 8 in Axes
  7783 | D:7      | Killed Dowan
  7783 | D:7      | Reached *** piety under Lugonu
  7928 | D:7      | Found a sand-covered staircase.
  8842 | D:8      | Noticed a manticore
  8843 | D:8      | Reached XP level 10. HP: 85/85 MP: 15/15
  8844 | D:8      | Reached skill level 9 in Axes
  8844 | D:8      | Reached XP level 11. HP: 93/93 MP: 16/16
  8849 | D:8      | Reached skill level 10 in Axes
  8985 | D:8      | Identified the +8 hunting sling of Impatience {flame, rElec
                  | Will+ rCorr}
  9728 | D:9      | Found an iron altar of Okawaru.
  9803 | D:9      | Reached XP level 12. HP: 82/101 MP: 17/17
  9937 | D:9      | Noticed a two-headed ogre
  9955 | D:9      | Killed a two-headed ogre
 10166 | D:9      | Found a stormy altar of Qazlal.
 10256 | D:9      | Noticed a two-headed ogre
 10264 | D:9      | Killed a two-headed ogre
 10265 | D:9      | Reached skill level 1 in Slings
 10756 | D:10     | Entered Level 10 of the Dungeon
 10903 | D:10     | Reached **** piety under Lugonu
 11373 | D:10     | Reached skill level 10 in Armour
 12044 | D:10     | Found a staircase to the Lair.
 12546 | D:11     | Reached skill level 1 in Maces & Flails
 13369 | D:11     | Reached skill level 11 in Axes
 14002 | Lair:1   | Entered Level 1 of the Lair of Beasts
 14008 | Lair:1   | Noticed Harold
 14017 | Lair:1   | Killed Harold
 14018 | Lair:1   | Reached skill level 10 in Fighting
 14108 | Lair:1   | Found a runed translucent gate.
 14108 | Lair:1   | Found a runed translucent gate.
 14108 | Lair:1   | Found a runed translucent gate.
 15047 | Lair:1   | Noticed cbfl8's ghost (journeyman DsGl)
 15051 | Lair:1   | Found a viscous altar of Jiyva.
 15250 | Lair:2   | Reached XP level 13. HP: 104/110 MP: 19/19
 15253 | Lair:2   | Found a staircase to the Shoals.
 16653 | Lair:2   | Found a hole to the Spider Nest.
 17252 | Lair:2   | Reached skill level 1 in Evocations
 17370 | Lair:2   | Identified the +8 chain mail of Refuge {rPois rCorr Str+2}
 18141 | Lair:3   | Reached skill level 5 in Dodging
 18753 | Lair:3   | Reached skill level 12 in Axes
 18888 | Lair:3   | Reached ***** piety under Lugonu
 19423 | Lair:4   | Noticed Kirke
 19438 | Lair:4   | Killed Kirke
 20553 | Lair:5   | Found a viscous altar of Jiyva.
 20553 | Lair:5   | Found a staircase to the Slime Pits.
 20570 | Lair:5   | Reached XP level 14. HP: 97/120 MP: 21/21
 20583 | Lair:5   | Reached skill level 1 in Shields
 21041 | Lair:6   | Entered Level 6 of the Lair of Beasts
 21058 | Lair:6   | Reached skill level 10 in Invocations
 21347 | Lair:6   | Reached skill level 13 in Axes
 21766 | Lair:6   | Corrupted Lair:6
 21766 | Lair:6   | Noticed a dread lich
 21766 | Lair:6   | Noticed a starcursed mass
 22577 | D:10     | Upgraded the game from 0.28.0-61-g67df4f89a8 to
                  | 0.28.0-62-gf88900778d
 22618 | D:12     | Found a runed translucent door.
 22652 | D:12     | Found a staircase to the Orcish Mines.
 22916 | D:12     | Noticed cbfl8's ghost (journeyman DsBe)
 23406 | D:12     | Killed cbfl8's ghost
 23762 | D:13     | HP: 6/124 [disintegration (31)]
 23868 | Abyss:1  | Noticed an ancient lich
 23896 | D:13     | Escaped the Abyss
 23932 | D:13     | HP: 6/124 [ogre mage/bolt of magma (21)]
 24516 | D:13     | Lost mutation: You have a pair of small horns on your head.
                  | [potion of mutation]
 24516 | D:13     | Lost mutation: You are occasionally teleported next to
                  | monsters. [potion of mutation]
 24516 | D:13     | Gained mutation: You are strong-willed. (Will+) [potion of
                  | mutation]
 24516 | D:13     | Gained mutation: You have hidden genetic potential. [potion
                  | of mutation]
 24986 | D:13     | Reached XP level 15. HP: 83/131 MP: 23/23
 24988 | D:13     | Reached skill level 14 in Axes
 26433 | D:13     | Identified the +6 dagger of the Bespelling Salmon {venom,
                  | rElec rF- Dex+5}
 27357 | D:14     | Found a gate to the Vaults.
 28129 | D:15     | Entered Level 15 of the Dungeon
 28499 | D:15     | Reached skill level 15 in Axes
 28827 | D:15     | Reached skill level 5 in Shields
 28827 | D:15     | Corrupted D:15
 28842 | D:15     | Gained mutation: Your mind is acute. (Int +2) [hidden
                  | potential]
 28851 | D:15     | Found a frozen archway.
 29518 | D:15     | Found a runed translucent gate.
 29519 | D:15     | Found a runed translucent gate.
 29520 | D:15     | Found a runed translucent gate.
 29522 | D:15     | Noticed Vuocw's ghost (journeyman DsFi)
 30075 | D:15     | Found a staircase to the Depths.
 30696 | Spider:1 | Entered Level 1 of the Spider Nest
 30827 | Spider:1 | Noticed Azrael
 30949 | Orc:1    | Entered Level 1 of the Orcish Mines
 31047 | Orc:1    | Found Toygyli's Antique Armour Shop.
 31115 | Orc:1    | Found Itanotuc's Book Boutique.
 31145 | Orc:1    | Found Voiredis's Antique Weapon Shop.
 31356 | Orc:1    | Found a dark tunnel.
 31533 | Orc:1    | Found Veikopue's Antique Armour Shoppe.
 31670 | Orc:2    | Entered Level 2 of the Orcish Mines
 31736 | Orc:2    | Found a staircase to the Elven Halls.
 31761 | Orc:2    | Reached XP level 16. HP: 125/141 MP: 25/25
 32194 | Orc:2    | Corrupted Orc:2
 32194 | Orc:2    | Noticed a tentacled starspawn
 32194 | Orc:2    | Noticed a lich
 32260 | Orc:2    | Found Miup's General Store.
 32260 | Orc:2    | Found Cebekhy's Jewellery Shoppe.
 32262 | Orc:2    | Found Pytoigu's Antique Armour Emporium.
 32262 | Orc:2    | Found Gesh's Antique Weapon Emporium.
 32271 | Orc:2    | Bought a pair of runed gloves for 255 gold pieces
 32294 | Orc:2    | Bought the ring of the Shrike {rN++ Will+ Dex+4} for 610
                  | gold pieces
 32294 | Orc:2    | Bought a +4 ring of protection for 432 gold pieces
 32298 | Orc:2    | Bought a ring of positive energy for 240 gold pieces
 32298 | Orc:2    | Bought a ring of protection from cold for 300 gold pieces
 32440 | Orc:2    | Found Fimyablo's Book Shop.
 33121 | Spider:1 | Banished Azrael
 33122 | Spider:1 | Reached skill level 5 in Evocations
 33523 | Spider:1 | You fall into a shaft and drop 1 floor!
 33870 | Spider:2 | Reached skill level 16 in Axes
 33938 | Spider:2 | Reached ****** piety under Lugonu
 34892 | Spider:2 | Gained mutation: Your tail ends in a venomous barb. [hidden
                  | potential]
 34892 | Spider:2 | Lost mutation: You have hidden genetic potential. [hidden
                  | potential expressed]
 36345 | Spider:2 | Identified a +9 broad axe of distortion (a +7 broad axe of
                  | freezing corrupted by Lugonu)
 36345 | Spider:2 | Received a gift from Lugonu
 36416 | Spider:2 | Escaped the Abyss
 36426 | Spider:2 | Corrupted Spider:2
 36426 | Spider:2 | Noticed an ancient lich
 36426 | Spider:2 | Noticed a bone dragon
 36426 | Spider:2 | HP: 3/143 [emperor scorpion (6)]
 36427 | Spider:2 | Noticed a bone dragon
 36428 | Spider:2 | Noticed a tentacled starspawn
 36433 | Spider:2 | HP: 6/143 [poisoned by an emperor scorpion]
 36433 | Spider:2 | Slain by a sixfirhy

Illustrated notes

Levels and vault maps discovered:
D:1:      dpeg_arrival_three_same_balls, layout_loops_ring,
          hellmonk_ecumenical_altar_crossroads, serial_co_window_serial,
          co_window_corner_a, co_window_of_opportunity_a, co_window_paths_a,
          co_window_corner_a, co_window_paths_b, co_window_paths_a,
          co_window_corner_a, co_window_corner_cb, co_window_paths_c,
          co_window_corner_b, co_window_corner_b, co_window_corner_cb,
          co_window_2corner, co_window_2corner, glass_columns_b,
          glass_columns_a, glass_columns_a, glass_columns_b, glass_columns_a
D:2:      layout_loops_corners, basic_altar, st_stairs_5, minmay_between
D:3:      layout_basic, grunt_ministairs_3, kennysheep_pointless_box
D:4:      layout_rooms
D:5:      minmay_polygon_palace, layout_rooms,
          mainiacjoe_overflow_catch_the_wave
D:6:      layout_rooms, minmay_temple_entry_glass, corexii_shack
D:7:      layout_cave_pods, enter_ossuary_5, gammafunk_ghost_grave,
          minmay_hedge_maze, minmay_misc_feat_hallway, amcnicky_mini_pool_small,
          uniq_duvessa
D:8:      layout_layer_cave
D:9:      layout_rooms, okawaru_altar_gauntlet_db, general_overflow_altar,
          chequers_mini_garden, kennysheep_generic_room_3
D:10:     layout_roguey, lair_entry_dummy, grunt_ministairs_2,
          minmay_fire_ice_demons
D:11:     layout_irregular_city
D:12:     layout_roguey, minmay_orc_entry_guard_dogs, ebering_ghost_inner_flame
D:13:     minmay_swirls_squares, layout_basic, serial_park_tiny_pond
D:14:     layout_gridville, grunt_vaults_entry_tiered,
          hangedman_decor_peaks_small, kennysheep_generic_room_13
D:15:     gammafunk_enter_depths_forms, layout_small_grid,
          portal_ice_cave_entry_ugly_swarm, minmay_misc_feat_doors,
          gammafunk_ghost_spectres
Lair:1:   layout_loops_ring, gammafunk_ghost_ooze, uniq_harold
Lair:2:   layout_roguey, minmay_shoals_entry_centaurs, spider_nest_entry_webs,
          grunt_megastairs_3
Lair:3:   layout_long_grid, wad_woods_river_01, serial_bayou_shore_b
Lair:4:   layout_roguey, lemuel_fruit_fields, lemuel_fruit_tree, uniq_kirke
Lair:5:   layout_cave_shapes, slime_altar_1
Lair:6:   due_jungle_book, layout_regular_city, nicolae_quartered_pool_little,
          infiniplex_staircase_pool
Spider:1: layout_spider_delve, uniq_azrael
Spider:2: spiders_nest_a, drop_trap, nicolae_spider_claw_tunnel
Orc:1:    layout_diamond_mine, nicolae_volcano_entry_vermiform, serial_shops,
          nicolae_shop_stone, shop, nicolae_shop_stone, nicolae_diamond_shop,
          nicolae_shop_stone, minmay_orc_temple_a
Orc:2:    st_orc_congregation, layout_caves, serial_shops, shop, mines2_david

Skill      XL: |  1  2  3  4  5  6  7  8  9 10 11 12 13 14 15 16 |
---------------+-------------------------------------------------+-----
Invocations    | 3 4 5 6 7 8 9 11 12 13 | 13.0
Axes           | 3 4 5 7 8 9 10 11 12 13 15 16 | 16.3
Fighting       | 4 5 6 8 9 10 11 13 14 | 14.3
Dodging        | 1 2 4 5 |  5.4
Armour         | 2 3 9 10 11 | 11.5
Throwing       | 2 |  2.9
Slings         | 2 4 |  4.5
Maces & Flails | 2 |  2.4
Evocations     | 2 4 5 |  5.6
Shields        | 4 5 6 |  6.9
Short Blades   | |  0.3

Action                   |  1- 3 |  4- 6 |  7- 9 | 10-12 | 13-15 | 16-18 || total
-------------------------+-------+-------+-------+-------+-------+-------++-------
Melee: Hand axe          |    43 |       |       |       |       |       ||    43
       Tailslap          |     4 |    10 |    30 |    43 |   162 |    69 ||   318
       Broad axe         |    33 |    48 |   233 |   288 |   862 |   455 ||  1919
       Dagger            |     9 |    25 |    12 |       |       |       ||    46
       Headbutt          |     2 |    10 |    37 |    69 |   126 |       ||   244
       Punch             |       |       |     4 |     3 |     5 |       ||    12
       Mace              |       |       |       |       |    28 |       ||    28
       Unarmed           |       |       |       |       |     6 |       ||     6
 Fire: Hunting sling     |       |       |       |    25 |    57 |    11 ||    93
Throw: Dart              |       |       |    25 |     1 |    69 |    83 ||   178
       Boomerang         |       |       |       |     3 |    17 |    31 ||    51
       Javelin           |       |       |       |       |    42 |     6 ||    48
       Throwing net      |       |       |       |       |     2 |       ||     2
Invok: Depart the Abyss  |     1 |       |       |       |     1 |     1 ||     3
       Bend Space        |       |       |     3 |     2 |    15 |    10 ||    30
       Banish            |       |       |       |     1 |     9 |     4 ||    14
       Corrupt           |       |       |       |       |     2 |     2 ||     4
       Enter the Abyss   |       |       |       |       |     1 |     1 ||     2
       Brand Weapon With |       |       |       |       |       |     1 ||     1
 Abil: Rolling Charge    |    17 |    15 |    39 |    31 |   124 |    38 ||   264
Evoke: Wand              |       |       |       |     1 |    44 |     2 ||    47
       Box of beasts     |       |       |       |       |     6 |     1 ||     7
       Lightning rod     |       |       |       |       |    11 |     4 ||    15
  Use: Scroll            |     3 |     3 |    10 |     4 |    18 |     1 ||    39
       Potion            |     5 |     1 |     4 |     8 |    20 |     3 ||    41
 Stab: Invisible         |       |       |     1 |     3 |     1 |       ||     5
       Distracted        |       |       |     1 |       |     1 |       ||     2
       Paralysed         |       |       |       |       |     2 |       ||     2
       Held in net/web   |       |       |       |       |       |     1 ||     1
Armor: Leather armour    |    12 |       |       |       |       |       ||    12
       Chain mail        |    41 |    59 |   157 |   139 |   449 |   313 ||  1158
       Plate armour      |       |       |       |       |    13 |       ||    13
       Skin              |       |       |       |       |    20 |       ||    20
Dodge: Dodged            |    18 |    29 |    65 |    80 |   243 |   126 ||   561
Block: Other             |       |       |    14 |    63 |    37 |       ||   114
       Reflection        |       |       |     1 |     2 |    18 |     1 ||    22
       Buckler           |       |       |       |       |   182 |       ||   182
       Kite shield       |       |       |       |       |   112 |   358 ||   470
